 Dungeon Crawl Stone Soup version 0.25-b1-39-g0d900dab71 (webtiles) character file.

Game seed: 10093942284408070006

97 diana the Skirmisher (level 4, -2/38 HPs)
             Began as a Demonspawn Fighter on June 7, 2020.
             Killed by nerve-wracking pain
             ... invoked by Grinder
              (5 damage)
             ... while paralysed by Grinder
             ... on level 3 of the Dungeon.
             The game lasted 00:02:34 (1785 turns).

diana the Skirmisher (Demonspawn Fighter)           Turns: 1785, Time: 00:02:34

Health: -2/38      AC:  7    Str: 17    XL:     4   Next: 42%
Magic:  4/4        EV:  2    Int:  9    God:
Gold:   121        SH:  0    Dex: 13    Spells: 3/3 levels left

rFire    x . .     SeeInvis .   a - +0 war axe
rCold    + . .     Gourm    .   c - +0 kite shield
rNeg     . . .     Faith    .   b - +0 scale mail
rPois    .         Spirit   .   (no helmet)
rElec    .         Reflect  .   (no cloak)
rCorr    .         Harm     .   (no gloves)
MR       .....                  (no boots)
Stlth    ..........             (no amulet)
HPRegen  0.12/turn              h - ring of ice
MPRegen  0.09/turn              (no ring)

@: paralysed, stab
A: rugged brown scales 1, rot immunity
a: no special abilities


You were on level 3 of the Dungeon.
You were not hungry.

You visited 1 branch of the dungeon, and saw 3 of its levels.

You collected 121 gold pieces.

Inventory:

Hand Weapons
 a - a +0 war axe (weapon)
Armour
 b - a +0 scale mail (worn)
 c - a +0 kite shield (worn)
Jewellery
 h - a ring of ice (left hand)
Scrolls
 d - a scroll of remove curse {unknown}
 e - 2 scrolls of magic mapping {unknown}
 i - a scroll of teleportation {unknown}
 j - a scroll of fear {unknown}
 k - a scroll of random uselessness {unknown}
 l - a scroll of immolation {unknown}
Comestibles
 f - 7 rations
 g - 6 chunks of flesh


   Skills:
 + Level 3.6 Fighting
 + Level 2.5 Axes
 + Level 3.3 Armour
 + Level 3.3 Shields


You had 3 spell levels left.
You didn't know any spells.
Your spell library was empty.

Dungeon Overview and Level Annotations

Branches:
Dungeon (3/15)

Altars:

Annotations:
D:3 Grinder


Innate Abilities, Weirdness & Mutations

You are partially covered in rugged brown scales. (AC +1, +3% HP)
You are immune to rotting.


Message History

Grinder is moderately wounded.
Grinder hits you.
* * * LOW HITPOINT WARNING * * *
You writhe in agony.
* * * LOW HITPOINT WARNING * * *
Grinder barely misses you.
It was a potion of stabbing.
You feel ready to backstab. You block Grinder's attack.
Unknown command.
Grinder gestures at you.
You suddenly lose the ability to move!
Grinder hits you.
* * * LOW HITPOINT WARNING * * *
You writhe in agony.
* * * LOW HITPOINT WARNING * * *
Grinder says, "You look like you could use a good racking."
Grinder gestures at you. Pain shoots through your body!
You die...

#. #.#
############ ...
...#......#
#####.# ##.#..#
....#.###@5...#
.....>...###......
..#....## #....>
#...## #.....
##..## #..##
#.รท## #..# #.##
#.# ##.# #..## #.


You could see Grinder.

Vanquished Creatures
  Terence (D:2)
  2 adders (D:2)
  2 worms (D:2)
  2 dart slugs
  A leopard gecko (D:2)
  2 ball pythons
  4 bats
  A giant cockroach (D:3)
  10 goblins
  5 hobgoblins
  2 jackals (D:3)
  3 kobolds (D:2)
  A quokka (D:2)
  5 rats
41 creatures vanquished.

Notes
Turn   | Place    | Note
-------+----------+-------------------------------------------
     0 | D:1      | diana the Demonspawn Fighter began the quest for the Orb.
     0 | D:1      | Reached XP level 1. HP: 18/18 MP: 1/1
    87 | D:1      | Gained mutation: You are immune to rotting. [demonic
                  | ancestry]
    87 | D:1      | Reached XP level 2. HP: 18/24 MP: 2/2
   694 | D:2      | Gained mutation: You are partially covered in rugged brown
                  | scales. (AC +1, +3% HP) [demonic ancestry]
   694 | D:2      | Reached XP level 3. HP: 16/29 MP: 3/3
   979 | D:2      | Noticed Terence
  1022 | D:2      | Killed Terence
  1037 | D:2      | Reached XP level 4. HP: 30/36 MP: 4/4
  1228 | D:2      | Found a faded altar of an unknown god.
  1769 | D:3      | Noticed Grinder
  1782 | D:3      | Paralysed by Grinder for 6 turns
  1785 | D:3      | Killed from afar by Grinder

Illustrated notes

Levels and vault maps discovered:
D:1:      evilmike_arrival_plus, layout_basic
D:2:      layout_loops_ring, chequers_ecumenical_altar_twisty, first_ration,
          uniq_terence
D:3:      layout_basic, overflow_temple_1_default, grunt_decor_one_mirror,
          nemelex_spade_bored_becter, uniq_grinder

Skill      XL: |  1  2 |
---------------+-------+-----
Axes           | 2 |  2.5
Armour         | 3 |  3.3
Shields        | 3 |  3.3
Fighting       | |  3.6

Action                   |  1- 3 |  4- 6 || total
-------------------------+-------+-------++-------
Melee: War axe           |    60 |    52 ||   112
  Use: Potion            |     2 |     1 ||     3
  Eat: Chunk             |       |     3 ||     3
Armor: Scale mail        |    36 |    22 ||    58
Dodge: Dodged            |    16 |    11 ||    27
Block: Kite shield       |    39 |    25 ||    64
